 Dungeon Crawl Stone Soup version 0.22.1-2-g9c5b331 (console) character file.

220856 Goblin1989 the Severer (level 18, -6/184 HPs)
             Began as a Deep Dwarf Fighter on Dec 29, 2018.
             Was the Champion of Makhleb.
             Mangled by a stone giant (21 damage)
             ... on level 2 of the Vaults on Dec 31, 2018.
             The game lasted 01:54:42 (26888 turns).

Goblin1989 the Severer (Deep Dwarf Fighter)        Turns: 26888, Time: 01:54:44

Health: -6/184     AC: 20    Str: 25    XL:     18   Next: 48%
Magic:  21/21      EV: 17    Int:  9    God:    Makhleb [******]
Gold:   2683       SH: 14    Dex: 12    Spells: 17/17 levels left

rFire    . . .     SeeInvis .   a - +9 broad axe (chop)
rCold    + . .     Gourm    +   c - +0 shield
rNeg     + . .     Faith    .   x - +0 fire dragon scales
rPois    +         Spirit   .   (helmet restricted)
rElec    .         Reflect  .   V - +0 cloak
rCorr    .         Harm     .   p - +2 pair of gloves
MR       ++...                  u - +1 pair of boots
Stlth    +.........             X - amulet of the gourmand
HPRegen  0.00/turn              H - ring of ice
MPRegen  0.17/turn              N - ring of Birdsong {Ice rPois Str-3 Stlth+}

@: non-regenerating
A: damage resistance, heal wounds, antennae 1, negative energy resistance 1,
sense surroundings 3, robust 1, no regeneration
}: 1/15 runes: serpentine
a: Heal Wounds, Minor Destruction, Lesser Servant of Makhleb, Major Destruction,
Greater Servant of Makhleb, Renounce Religion


You were on level 2 of the Vaults.
You worshipped Makhleb.
Makhleb was exalted by your worship.
You were completely stuffed.

You visited 6 branches of the dungeon, and saw 30 of its levels.
You also visited: Sewer and Ice Cave.

You collected 3294 gold pieces.
You spent 611 gold pieces at shops.

Inventory:

Hand Weapons
 a - a +9 broad axe of chopping (weapon)
 b - the +1 war axe "Bacoguip" {flame, rElec}
   (You found it on level 15 of the Dungeon)

   It has been specially enchanted to burn those struck by it, causing extra
   injury to most foes and up to half again as much damage against particularly
   susceptible opponents.
   Big, fiery blades are also staple armaments of hydra-hunters.
   It insulates you from electricity.
 w - a +0 blowgun {@w1}
Missiles
 t - 8 needles of sleeping
 W - 2 curare-tipped needles
 Z - 5 throwing nets (quivered) {!d , @Q1}
Armour
 c - a +0 shield (worn)
 p - a +2 pair of gloves (worn)
 u - a +1 pair of boots (worn)
 x - +0 fire dragon scales (worn)
 V - a +0 cloak (worn)
Jewellery
 m - an uncursed ring of protection from magic
 H - a ring of ice (left hand)
 I - a +4 ring of protection
 N - the ring of Birdsong (right hand) {Ice rPois Str-3 Stlth+}
   (You bought it in a shop on level 2 of the Orcish Mines)

   [ring of ice]

   It enhances your ice magic.
   It affects your strength (-3).
   It makes you vulnerable to fire.
   It protects you from cold.
   It protects you from poison.
   It makes you more stealthy.
 O - an uncursed ring of positive energy
 U - an uncursed ring of fire
 X - an amulet of the gourmand (around neck)
Wands
 d - a wand of digging (15) {@v1}
 k - a wand of clouds (5) {@v3}
 n - a wand of acid (37) {@v2}
 o - a wand of flame (46) {@v6}
 r - a wand of iceblast (20) {@v4}
 C - a wand of enslavement (8)
 S - a wand of disintegration (4)
Scrolls
 i - 2 scrolls of immolation
 j - a scroll of fog
 l - 2 scrolls of silence
 s - 6 scrolls of remove curse {@r3}
 v - 6 scrolls of enchant armour
 A - 3 scrolls of fear
 B - 2 scrolls of blinking
 J - 2 scrolls of enchant weapon
 M - 2 scrolls of magic mapping
 Q - a scroll of holy word
 R - a scroll of identify {@r1}
 T - 11 scrolls of teleportation {!r, @r2}
Potions
 f - 2 potions of cancellation
 g - 4 potions of agility {@q5}
 q - 2 potions of invisibility
 y - 3 potions of resistance {@q6}
 z - a potion of might {@q4}
 D - 6 potions of flight
 E - 15 potions of curing {@q1}
 F - 4 potions of heal wounds {@q2}
 G - a potion of berserk rage
 P - 2 potions of haste {unknown}
Miscellaneous
 h - a lamp of fire
 K - a box of beasts
 Y - a lightning rod (4/4)
Comestibles
 e - 56 rations


   Skills:
 + Level 11.9 Fighting
 - Level 18.0 Axes
 + Level 13.6 Armour
 + Level 13.4 Dodging
 + Level 14.5 Shields
 + Level 14.3 Invocations
 + Level 14.9 Evocations


You had 17 spell levels left.
You didn't know any spells.
Your spell library contained the following spells:

 Spells                   Type           Power        Failure   Level  Hunger
 Animate Skeleton         Necr           N/A          67%         1    ##.....
 Apportation              Tloc           #.....       67%         1    ##.....
 Beastly Appendage        Tmut           #.....       67%         1    ##.....
 Confusing Touch          Hex            #.....       67%         1    ##.....
 Corona                   Hex            #......      67%         1    ##.....
 Freeze                   Ice            #...         67%         1    ##.....
 Infusion                 Chrm           #...         67%         1    ##.....
 Shock                    Conj/Air       #...         67%         1    ##.....
 Summon Butterflies       Summ           #.......     67%         1    ##.....
 Summon Small Mammal      Summ           #...         67%         1    ##.....
 Poisonous Vapours        Pois/Air       #.....       80%         2    ###....
 Shroud of Golubria       Chrm/Tloc      #.........   80%         2    ###....
 Slow                     Hex            #.......     80%         2    ###....
 Song of Slaying          Chrm           #.......     80%         2    ###....
 Sticks to Snakes         Tmut           #.......     80%         2    ###....
 Swiftness                Chrm/Air       #.......     80%         2    ###....
 Throw Frost              Conj/Ice       #.....       80%         2    ###....
 Confuse                  Hex            #.......     95%         3    ####...
 Gell's Gravitas          Tloc           #.........   95%         3    ####...
 Inner Flame              Hex/Fire       #.......     95%         3    ####...
 Lesser Beckoning         Tloc           #.........   95%         3    ####...
 Ozocubu's Armour         Chrm/Ice       #.......     95%         3    ####...
 Portal Projectile        Hex/Tloc       #.....       95%         3    ####...
 Spectral Weapon          Hex/Chrm       #.......     95%         3    ####...
 Spider Form              Tmut/Pois      #.........   95%         3    ####...
 Static Discharge         Conj/Air       #.......     95%         3    ####...
 Tukima's Dance           Hex            #.......     95%         3    ####...
 Airstrike                Air            #.........   100%        4    #####..
 Cause Fear               Hex            #.........   100%        4    #####..
 Ice Form                 Ice/Tmut       #.......     100%        4    #####..
 Leda's Liquefaction      Hex/Erth       #.........   100%        4    #####..
 Petrify                  Tmut/Erth      #.......     100%        4    #####..
 Summon Ice Beast         Ice/Summ       #.......     100%        4    #####..
 Throw Icicle             Conj/Ice       #.......     100%        4    #####..
 Alistair's Intoxication  Tmut/Pois      #.......     100%        5    ######.
 Blade Hands              Tmut           #.........   100%        5    ######.
 Lightning Bolt           Conj/Air       #.........   100%        5    ######.
 Metabolic Englaciation   Hex/Ice        #.........   100%        5    ######.
 Venom Bolt               Conj/Pois      #.........   100%        5    ######.
 Yara's Violent Unravell  Hex/Tmut       #.........   100%        5    ######.
 Bolt of Cold             Conj/Ice       #.........   100%        6    #######
 Freezing Cloud           Conj/Ice/Air   #.........   100%        6    #######
 Invisibility             Hex            #.......     100%        6    #######
 Ozocubu's Refrigeration  Ice            #.........   100%        6    #######
 Statue Form              Tmut/Erth      #........    100%        6    #######
 Shatter                  Erth           #.........   100%        9    #######
 Regeneration             Chrm/Necr      Unusable     N/A         3    N/A

Dungeon Overview and Level Annotations

Branches:
Dungeon (15/15)            Temple (1/1) D:4            Lair (6/6) D:11
 Shoals (0/4) Lair:2        Snake (4/4) Lair:2        Slime (0/5) Lair:5
    Orc (2/2) D:12            Elf (0/3) Orc:2        Vaults (2/5) D:13
 Depths (0/5) D:15
  Crypt: Vaults:2-3

Altars:
Ashenzari
Cheibriados
Dithmenos
Elyvilon
Fedhas
Gozag
Hepliaklqana
Makhleb
Okawaru
Qazlal
Ru
Sif Muna
Vehumet
Xom
Yredelemnul
Zin
The Shining One
Beogh

Shops:
D:5 (   D:12 [   D:13 *   Orc:2 }(=!   Vaults:1 =

Annotations:
D:8 3 runed doors, exclusion: downstairs, Oddysee's ghost, novice GnWn; Paps's ghost, novice DsFi
D:13 exclusions: ice statue and obsidian statue
Lair:2 exclusion: 2 downstairs
Lair:5 3 runed doors, Tinuaf's ghost, journeyman MfGl
Lair:6 exclusion: 2 oklob plants


Innate Abilities, Weirdness & Mutations

You are resistant to damage.
You can heal yourself by infusing magical energy.
You resist negative energy. (rN+)
You passively map a large area around you.
You do not regenerate.
You have a pair of small antennae on your head.
You are robust. (+10% HP)


Message History

You slash the vault guard!
The vault guard is heavily wounded.
The vault guard blocks your attack.
You slice the vault guard!!
The wizard mumbles some strange words.
The wizard seems to speed up.
The vault guard hits you but does no damage.
The stone giant throws a large rock.
The large rock hits you!!
You take 23 damage, and have 149/184 hp.
You slice the vault guard!!
The vault guard is almost dead.
The vault guard blocks your attack.
You slash the vault guard!
The vault guard hits you with a war axe!
You block the vault guard's attack.
The vault guard hits you with a war axe.
You take 8 damage, and have 141/184 hp.
You hit the vault guard.
The vault guard is almost dead.
You hit the vault guard but do no damage.
You barely miss the vault guard.
The stone giant throws a large rock.
You block the large rock.
Unknown command.
You closely miss the vault guard.
The vault guard is almost dead.
You closely miss the vault guard. You slash the vault guard!
The vault guard closely misses you. x2; You block the vault guard's attack.
The stone giant throws a large rock.
The large rock hits you!!
You take 25 damage, and have 116/184 hp.
Unknown command.
You slash the vault guard!
You kill the vault guard!
Makhleb accepts your kill. The vault guard blocks your attack.
You closely miss the vault guard. You block the vault guard's attack.
Unknown command.
You hit the vault guard.
The vault guard is severely wounded.
You hit the vault guard.
The stone giant throws a large rock.
The large rock hits you!! You block the vault guard's attack.
You take 23 damage, and have 93/184 hp.
Unknown command.
You barely miss the vault guard.
The vault guard is severely wounded.
You barely miss the vault guard. You block the vault guard's attack.
Unknown command.
You slash the vault guard!
The vault guard is almost dead.
You hit the stone giant. You hit the vault guard.
The vault guard hits you but does no damage.
The ironbrand convoker casts a spell at the frost giant.
The frost giant seems to grow stronger.
Unknown command.
You slash the vault guard!
You kill the vault guard!
Makhleb accepts your kill.
You feel better.
You slash the stone giant! You slash the vault guard! The stone giant hits you!
You block the vault guard's attack.
You take 1 damage, and have 92/184 hp.
Unknown command.
The vault guard blocks your attack.
The vault guard is severely wounded.
You hit the stone giant. The stone giant hits you!
* * * LOW HITPOINT WARNING * * *
You take 10 damage, and have 82/184 hp.
Unknown command.
You hit the vault guard but do no damage.
The vault guard is severely wounded.
You slash the stone giant! You block the vault guard's attack.
You block the stone giant's attack.
Unknown command.
The vault guard blocks your attack.
The vault guard is severely wounded.
You hit the stone giant but do no damage.
You slash the frost giant!
The frost giant hits you with a battleaxe of freezing!!
* * * LOW HITPOINT WARNING * * *
The frost giant freezes you.
You take 15 damage, and have 67/184 hp.
You are too injured to fight recklessly!
Unknown command.
You are too injured to fight recklessly!
Unknown command.
You are too injured to fight recklessly!
Unknown command.
Unknown command.
You slice the frost giant!!
The frost giant is heavily wounded.
You hit the vault guard.
You hit the stone giant but do no damage.
You block the vault guard's attack. The stone giant hits you!!
* * * LOW HITPOINT WARNING * * *
You take 30 damage, and have 37/184 hp.
Unknown command.
You slash the frost giant!
The frost giant is heavily wounded.
You slash the wizard! You barely miss the vault guard.
Your fire dragon scales prevents you from hitting the stone giant.
The frost giant hits you with a battleaxe of freezing!!
* * * LOW HITPOINT WARNING * * *
The frost giant freezes you. The wizard misses you. The stone giant hits you!!
You die...

·· ··
█..████▲██...█ ▓ ·
▓▓ ██∆██..█..█...█
▓ · ·
█...∆..∆..∆...█ ▓▓
▓ ···
█.<.████..█...█ ·
▓ · · ··
███████████...█ ·
▓
..............█··≈
▓ ▓ ·
..............▲· ·
▓ ▓▓ ▓
▓██████p███████· ≈
· ·· █...p@).█ · ·
· ·· █...CC..█ ▓·
· ▓ ▓ · ▓████p████
▓ ▓ · ▓ [.....· ▓
· · █...... ▓ ▓ ·
· ▓█.......▓ · ▓ ·
·· █....... ▓
█.......█ ·▲· · ·
·


You could see a frost giant, a stone giant, a vault guard, an ironbrand convoker
and a wizard.

Vanquished Creatures
  Frances (Snake:1)
  Gastronok (Lair:3)
  Kirke (Snake:4)
  10 nagarajas
  3 vault wardens (Vaults:1)
  An ironheart preserver (Vaults:1)
  Nessos (D:14)
  Azrael (D:14)
  A dire elephant (Lair:6)
  A white draconian (IceCv)
  An ettin (D:15)
  A deep elf death mage (Vaults:1)
  A great orb of eyes (Vaults:1)
  3 fire dragons (Vaults:1)
  Harold (D:7)
  6 vault guards
  An ice dragon (Vaults:1)
  15 naga warriors
  3 hydras
  8 centaur warriors
  16 two-headed ogres
  A tengu warrior (D:15)
  6 ogre magi
  A death knight (D:13)
  23 anacondas
  5 orc high priests
  2 death yaks (Lair:6)
  10 naga sharpshooters
  5 shock serpents
  3 deep elf knights (Vaults:1)
  3 salamander mystics
  A glowing orange brain (Vaults:1)
  10 naga ritualists
  2 deep elf archers
  11 orc knights
  A phantasmal warrior (D:13)
  3 ironbrand convokers (Vaults:1)
  3 orc sorcerers
  10 mana vipers
  2 wolf spiders (Vaults:1)
  6 cyclopes
  4 ugly things
  3 manticores (D:14)
  7 deep elf magi
  8 salamanders
  12 guardian serpents
  5 elephants
  3 centaur zombies
  6 vault sentinels (Vaults:1)
  A merfolk siren (Lair:2)
  37 black mambas
  16 naga magi
  3 gargoyles
  8 spiny frogs
  An ice statue (IceCv)
  A spiny frog (shapeshifter) (Vaults:1)
  5 komodo dragons
  4 yaktaurs (Vaults:1)
  4 rime drakes
  4 freezing wraiths
  A tengu conjurer (D:14)
  9 trolls
  2 meliai (D:15)
  3 merfolk (Lair:2)
  A queen bee (D:11)
  A hornet (D:13)
  18 polar bears
  9 hippogriffs
  10 slime creatures
  8 dream sheep
  A fire giant simulacrum (Vaults:1)
  A stone giant simulacrum (Vaults:1)
  A shadow (D:13)
  2 wraiths (Vaults:1)
  A vampire (D:14)
  7 hogs (Snake:4)
  5 wyverns
  54 yaks
  3 fire elementals (D:14)
  2 basilisks
  2 hungry ghosts
  3 wargs (Orc:2)
  Menkaure (D:5)
  52 nagas
  4 hell hounds (D:14)
  A soldier ant (D:15)
  2 acid dragons
  6 porcupines
  6 water moccasins
  4 phantoms
  6 sky beasts
  46 orc warriors
  3 black bears
  A necrophage (D:8)
  2 ice beasts
  17 ogres
  25 centaurs
  42 wolves
  12 crocodiles
  10 big kobolds
  Blork the orc (D:4)
  19 bullfrogs
  A gnoll sergeant (D:12)
  4 scorpions
  22 killer bees
  9 wights
  An electric eel (Lair:3)
  5 howler monkeys
  8 crimson imps
  A quasit (D:12)
  7 hounds
  6 jellies
  2 centaur skeletons
  37 orc priests
  Crazy Yiuf (D:7)
  21 orc wizards
  Jessica (D:2)
  Terence (D:2)
  5 iguanas
  Natasha (thrice) (D:2)
  11 worker ants
  A hound skeleton (D:7)
  A worker ant zombie (D:7)
  A howler monkey zombie (D:8)
  11 gnolls
  2 howler monkey skeletons
  22 adders
  2 shadow imps
  5 oozes
  An adder zombie (D:5)
  2 worms
  3 dart slugs
  10 leopard geckos
  98 orcs
  9 giant cockroaches
  14 goblins
  16 hobgoblins
  12 jackals
  28 kobolds
  6 quokkas
  3 ball pythons
  17 bats
  5 frilled lizards
  A quokka skeleton (D:7)
  A quokka zombie (D:6)
  5 rats
  5 fungi
  2 plants
1150 creatures vanquished.

Vanquished Creatures (collateral kills)
  Rupert (D:14)
  Roxanne (D:15)
  A nagaraja (Snake:2)
  Louise (Snake:1)
  A fire dragon (D:11)
  6 hydras
  A two-headed ogre (D:15)
  A catoblepas (Lair:6)
  2 anacondas (Snake:2)
  A deep troll shaman (Lair:6)
  6 death yaks
  2 shock serpents (Snake:2)
  An orc high priest (Orc:2)
  5 naga sharpshooters
  A naga ritualist (Snake:2)
  A mana viper (Snake:2)
  An ugly thing (D:12)
  A salamander (Snake:2)
  2 centaur zombies
  4 black mambas
  A centaur skeleton (D:15)
  A polar bear (IceCv)
  A meliai (D:15)
  A hippogriff (D:11)
  4 yaks
  A basilisk (D:15)
  5 nagas
  A sky beast (D:8)
  2 orc warriors
  An ice beast (D:11)
  3 wolves (Lair:4)
  A crocodile (Lair:4)
  A bullfrog (D:8)
  6 killer bees
  5 wights (D:8)
  An adder (D:8)
75 creatures vanquished.

Vanquished Creatures (others)
  A yak (IceCv)
  A naga (Snake:3)
  A centaur (Vaults:1)
  A crocodile (Lair:5)
  A bullfrog (Lair:5)
  An orc (Orc:1)
  16 fungi
  7 plants
  A withered plant (D:8)
30 creatures vanquished.

Grand Total: 1255 creatures vanquished

Notes
Turn   | Place    | Note
-------+----------+-------------------------------------------
     0 | D:1      | Goblin1989 the Deep Dwarf Fighter began the quest for the
                  | Orb.
     0 | D:1      | Reached XP level 1. HP: 20/20 MP: 1/1
   119 | D:1      | Reached XP level 2. HP: 18/27 MP: 2/2
   369 | D:1      | Reached XP level 3. HP: 25/33 MP: 3/3
   394 | D:1      | Reached skill level 1 in Dodging
   808 | D:2      | Reached skill level 3 in Axes
   910 | D:2      | Found a glowing golden altar of the Shining One.
   918 | D:2      | Noticed Natasha
   926 | D:2      | Killed Natasha
   926 | D:2      | Reached XP level 4. HP: 27/42 MP: 4/4
  1001 | D:2      | Found a deep blue altar of Sif Muna.
  1062 | D:2      | Noticed Natasha
  1071 | D:2      | Noticed Terence
  1092 | D:2      | Killed Terence
  1093 | D:2      | Killed Natasha
  1093 | D:2      | Reached XP level 5. HP: 42/49 MP: 5/5
  1432 | D:2      | Found a radiant altar of Vehumet.
  1458 | D:2      | Noticed Jessica
  1476 | D:2      | Killed Jessica
  1753 | D:2      | Noticed Natasha
  1765 | D:2      | Killed Natasha
  1765 | D:2      | Reached skill level 4 in Axes
  1994 | D:3      | Reached XP level 6. HP: 35/56 MP: 6/6
  2015 | D:3      | Reached skill level 5 in Shields
  2127 | D:3      | Found a shadowy altar of Dithmenos.
  2540 | D:3      | Found a hazy altar of Hepliaklqana.
  2785 | D:4      | Found a blossoming altar of Fedhas.
  2829 | D:4      | Found a basalt altar of Yredelemnul.
  2830 | D:4      | Noticed Blork the orc
  2850 | D:4      | Killed Blork the orc
  2850 | D:4      | Reached XP level 7. HP: 43/63 MP: 7/7
  2894 | D:4      | Reached skill level 5 in Axes
  3016 | D:4      | Found a staircase to the Ecumenical Temple.
  3022 | Temple   | Entered the Ecumenical Temple
  3100 | Temple   | Became a worshipper of Makhleb the Destroyer
  3520 | D:5      | Entered Level 5 of the Dungeon
  3601 | D:5      | Found Nehadyng's Antique Weapon Emporium.
  3690 | D:5      | Found a glowing drain.
  3699 | Sewer    | Entered a sewer
  3807 | Sewer    | Reached skill level 5 in Armour
  3858 | Sewer    | Reached * piety under Makhleb
  3865 | Sewer    | Reached XP level 8. HP: 45/72 MP: 8/8
  3944 | Sewer    | Reached skill level 6 in Axes
  4079 | D:5      | Found an opulent altar of Gozag.
  4434 | D:5      | Found a stormy altar of Qazlal.
  4557 | D:5      | Noticed Menkaure
  4583 | D:5      | Killed Menkaure
  4737 | D:6      | Reached skill level 1 in Invocations
  4819 | D:6      | Reached skill level 1 in Evocations
  5216 | D:7      | Reached skill level 7 in Axes
  5221 | D:7      | Reached ** piety under Makhleb
  5248 | D:7      | Found a shattered altar of Ashenzari.
  5372 | D:7      | Found a runed door.
  5458 | D:7      | Noticed Harold
  5473 | D:7      | Killed Harold
  5473 | D:7      | Reached skill level 5 in Fighting
  5473 | D:7      | Gained mutation: You passively map the area around you.
                  | [Deep Dwarf growth]
  5473 | D:7      | Reached XP level 9. HP: 65/81 MP: 9/11
  5868 | D:7      | Reached skill level 5 in Dodging
  6087 | D:7      | Noticed Crazy Yiuf
  6091 | D:7      | Killed Crazy Yiuf
  6205 | D:8      | Reached skill level 8 in Axes
  6275 | D:8      | Got an encrusted plate armour
  6334 | D:8      | Identified Pihoaf's Tome of Moulding and Intoxication
  6401 | D:8      | Reached *** piety under Makhleb
  6486 | D:8      | Noticed Paps's ghost (novice DsFi)
  6486 | D:8      | Noticed Oddysee's ghost (novice GnWn)
  6487 | D:8      | Found a runed gate.
  6487 | D:8      | Found a runed gate.
  6487 | D:8      | Found a runed gate.
  6714 | D:8      | Reached XP level 10. HP: 76/87 MP: 13/13
  6740 | D:8      | Got a spiked leather armour
  6819 | D:9      | Found an iron altar of Okawaru.
  7049 | D:9      | Noticed Erolcha
  7146 | D:9      | Found an opulent altar of Gozag.
  7177 | D:9      | Reached skill level 9 in Axes
  7184 | D:9      | Reached skill level 5 in Evocations
  7187 | D:9      | Reached **** piety under Makhleb
  7209 | D:9      | Found a stormy altar of Qazlal.
  7472 | D:9      | Found a shimmering altar of Xom.
  7742 | D:9      | Noticed Erolcha
  7742 | D:9      | Erolcha changed into Erolcha the sky beast
  7755 | D:9      | Killed Erolcha the sky beast
  7807 | D:8      | Identified the +1 plate armour "Halomas" {Dex+4} (You found
                  | it on level 8 of the Dungeon)
  7960 | D:10     | Entered Level 10 of the Dungeon
  8193 | D:10     | Got a smoking robe
  8782 | D:11     | p0werm0de: https://youtu.be/SHY7vgiDT-Y?t=100
  8791 | D:11     | Reached XP level 11. HP: 49/98 MP: 15/15
  8794 | D:11     | Reached skill level 10 in Axes
  8796 | D:11     | Reached ***** piety under Makhleb
  8858 | D:11     | Noticed Nergalle
  8859 | D:11     | Noticed a spectral orc warlord
  8875 | D:11     | Noticed Nergalle
  8875 | D:11     | Nergalle changed into Nergalle the fire dragon
  8924 | D:11     | Killed Nergalle the fire dragon
  8979 | D:11     | Noticed a green ugly thing
  8996 | D:11     | Killed a green ugly thing
  9239 | D:11     | Found a staircase to the Lair.
  9921 | Lair:1   | Entered Level 1 of the Lair of Beasts
 10083 | Lair:1   | Reached skill level 5 in Invocations
 10676 | Lair:2   | Found a staircase to the Shoals.
 10724 | Lair:2   | Found a staircase to the Snake Pit.
 10948 | Lair:2   | Reached skill level 11 in Axes
 11122 | Lair:2   | Noticed a five-headed hydra
 11129 | Lair:2   | Killed an eight-headed hydra
 11534 | Lair:3   | Found a frozen archway.
 11543 | IceCv    | Entered an ice cave
 11567 | IceCv    | Reached XP level 12. HP: 109/109 MP: 16/16
 11610 | IceCv    | Reached skill level 10 in Shields
 11626 | IceCv    | Got a polished hand crossbow
 12020 | IceCv    | Noticed a white draconian
 12058 | IceCv    | Killed a white draconian
 12080 | IceCv    | Reached skill level 12 in Axes
 12112 | IceCv    | Identified Oqoussogun's Handbook of Ice
 12308 | IceCv    | Identified the +3 hand crossbow of the Thirteen Cities
                  | {venom, *Drain +Inv rPois MR+} (You found it in an ice
                  | cave)
 12545 | Lair:3   | Noticed Gastronok
 12570 | Lair:3   | Killed Gastronok
 13225 | Lair:4   | Reached XP level 13. HP: 102/117 MP: 18/18
 14236 | Lair:5   | Found a staircase to the Slime Pits.
 14389 | Lair:5   | Found a runed gate.
 14389 | Lair:5   | Found a runed gate.
 14389 | Lair:5   | Found a runed gate.
 14390 | Lair:5   | Noticed Tinuaf's ghost (journeyman MfGl)
 14415 | Lair:5   | Noticed a minotaur
 14428 | Lair:5   | Reached skill level 13 in Axes
 15079 | Lair:6   | Entered Level 6 of the Lair of Beasts
 15133 | Lair:6   | Reached skill level 10 in Evocations
 15256 | Lair:6   | Reached skill level 10 in Armour
 16150 | Lair:6   | Gained mutation: You resist negative energy. (rN+) [Deep
                  | Dwarf growth]
 16150 | Lair:6   | Reached XP level 14. HP: 120/127 MP: 20/20
 16243 | Lair:6   | Got a shimmering battleaxe
 16249 | Lair:6   | Identified the +5 battleaxe "Gunewk" {flame, rElec rC-
                  | Str-5 Stlth+} (You found it on level 6 of the Lair of
                  | Beasts)
 16658 | D:12     | Found a staircase to the Orcish Mines.
 16675 | D:12     | Reached skill level 10 in Dodging
 16893 | D:12     | Found Tanaih's Armour Shop.
 16970 | D:12     | Reached skill level 14 in Axes
 17206 | Orc:1    | Entered Level 1 of the Orcish Mines
 17474 | Orc:2    | Entered Level 2 of the Orcish Mines
 17474 | Orc:2    | Found a staircase to the Elven Halls.
 17479 | Orc:2    | Reached skill level 10 in Invocations
 17607 | Orc:1    | Reached ****** piety under Makhleb
 17823 | Orc:2    | Found a roughly hewn altar of Beogh.
 18427 | Orc:2    | Gained mutation: You are occasionally teleported next to
                  | monsters. [a neqoxec]
 18436 | Orc:2    | Found Reblucy's Jewellery Emporium.
 18436 | Orc:2    | Found Ticw's Distillery.
 18437 | Orc:2    | Found Lufaj's Gadget Emporium.
 18437 | Orc:2    | Found Keowebumo's Antique Weapon Shoppe.
 18448 | Orc:2    | Bought a potion of heal wounds for 60 gold pieces
 18448 | Orc:2    | Bought a potion of heal wounds for 60 gold pieces
 18448 | Orc:2    | Bought a potion of curing for 36 gold pieces
 18448 | Orc:2    | Bought a potion of agility for 48 gold pieces
 18448 | Orc:2    | Bought a potion of might for 48 gold pieces
 18541 | Orc:2    | Lost mutation: You are occasionally teleported next to
                  | monsters. [potion of mutation]
 18541 | Orc:2    | Gained mutation: You are somewhat resistant to further
                  | mutation. [potion of mutation]
 18541 | Orc:2    | Gained mutation: You have an increased reservoir of magic.
                  | (+10% MP) [potion of mutation]
 18541 | Orc:2    | Gained mutation: You tend to lose your temper in combat.
                  | [potion of mutation]
 18542 | Orc:2    | Lost mutation: You tend to lose your temper in combat.
                  | [potion of mutation]
 18542 | Orc:2    | Lost mutation: You are somewhat resistant to further
                  | mutation. [potion of mutation]
 18542 | Orc:2    | Lost mutation: You have an increased reservoir of magic.
                  | (+10% MP) [potion of mutation]
 18542 | Orc:2    | Gained mutation: You have a pair of small antennae on your
                  | head. [potion of mutation]
 18542 | Orc:2    | Gained mutation: You are robust. (+10% HP) [potion of
                  | mutation]
 18643 | D:13     | Found Xedorous's Assorted Antiques.
 18774 | D:13     | Found a gate to the Vaults.
 18937 | D:13     | Reached XP level 15. HP: 149/149 MP: 18/18
 19178 | D:14     | Noticed Nessos
 19194 | D:14     | Killed Nessos
 19372 | D:14     | Noticed Azrael
 19390 | D:14     | Killed Azrael
 19560 | D:14     | Noticed Rupert
 19625 | D:14     | Killed Rupert
 19625 | D:14     | Reached skill level 15 in Axes
 19915 | D:15     | Entered Level 15 of the Dungeon
 20050 | D:15     | Found a staircase to the Depths.
 20067 | D:15     | Noticed Roxanne
 20085 | D:15     | Killed Roxanne
 20090 | D:15     | Reached skill level 10 in Fighting
 20094 | D:15     | Identified Roxanne's Guide on the Rocks (You took it off
                  | Roxanne on level 15 of the Dungeon)
 20416 | D:15     | Identified the cursed +1 war axe "Bacoguip" {flame, rElec}
                  | (You found it on level 15 of the Dungeon)
 20818 | Orc:2    | Bought the ring of Birdsong {Ice rPois Str-3 Stlth+} for
                  | 359 gold pieces
 21004 | Snake:1  | Entered Level 1 of the Snake Pit
 21015 | Snake:1  | Noticed Frances
 21030 | Snake:1  | Killed Frances
 21493 | Snake:1  | Noticed Louise
 21510 | Snake:1  | Killed Louise
 21732 | Snake:2  | Noticed a nagaraja
 21760 | Snake:2  | Killed a nagaraja
 21828 | Snake:2  | Reached XP level 16. HP: 129/161 MP: 19/19
 22220 | Snake:2  | Reached skill level 16 in Axes
 23687 | Snake:4  | Entered Level 4 of the Snake Pit
 24129 | Snake:4  | Reached XP level 17. HP: 153/171 MP: 19/19
 24132 | Snake:4  | Noticed Kirke
 24167 | Snake:4  | Killed Kirke
 24425 | Snake:4  | Reached skill level 17 in Axes
 24624 | Snake:4  | Got a serpentine rune of Zot
 25075 | Vaults:1 | Entered Level 1 of the Vaults
 25485 | Vaults:1 | Gained mutation: You passively map a large area around you.
                  | [Deep Dwarf growth]
 25485 | Vaults:1 | Reached XP level 18. HP: 181/181 MP: 20/20
 25715 | Vaults:1 | Found Upti's Jewellery Boutique.
 25927 | Vaults:1 | Reached skill level 18 in Axes
 26071 | Vaults:1 | Found a roughly hewn altar of Beogh.
 26888 | Vaults:2 | Mangled by a stone giant

Skill      XL: |  1  2  3  4  5  6  7  8  9 10 11 12 13 14 15 16 17 18 |
---------------+-------------------------------------------------------+-----
Dodging        | 1 2 3 4 5 6 7 8 9 10 11 12 13 | 13.4
Axes           | 3 4 5 7 8 9 11 12 13 14 15 16 17 18 | 18.0
Shields        | 4 5 6 7 8 9 10 11 12 13 14 | 14.5
Fighting       | 3 4 5 6 7 8 9 10 11 | 11.9
Armour         | 4 5 6 7 8 9 10 11 12 13 | 13.6
Invocations    | 3 4 6 7 9 10 11 12 13 14 | 14.3
Evocations     | 2 4 6 7 9 10 11 12 13 14 | 14.9

Action                   |  1- 3 |  4- 6 |  7- 9 | 10-12 | 13-15 | 16-18 || total
-------------------------+-------+-------+-------+-------+-------+-------++-------
Melee: War axe           |   130 |   227 |   543 |  1144 |   482 |     4 ||  2530
       Unarmed           |       |       |       |     1 |       |    16 ||    17
       Broad axe         |       |       |       |       |   817 |  1121 ||  1938
Invok: Lesser Servant of |       |       |     1 |    11 |    23 |       ||    35
       Minor Destruction |       |       |       |     1 |       |       ||     1
       Greater Servant o |       |       |       |       |     6 |     1 ||     7
 Abil: Heal Wounds       |     2 |     5 |     9 |    15 |    15 |     3 ||    49
Evoke: Wand              |       |       |       |     5 |     1 |    14 ||    20
       Lamp of fire      |       |       |       |       |       |     1 ||     1
  Use: Scroll            |       |       |     6 |    17 |    15 |     2 ||    40
       Potion            |       |       |     1 |     2 |     4 |     4 ||    11
 Stab: Distracted        |       |       |       |     3 |     8 |       ||    11
  Eat: Chunk             |       |     7 |    14 |    24 |    51 |    17 ||   113
Armor: Scale mail        |    39 |       |       |       |       |       ||    39
       Chain mail        |    14 |   212 |   290 |    95 |       |       ||   611
       Plate armour      |       |       |       |   533 |   565 |       ||  1098
       Fire dragon scale |       |       |       |       |    42 |   345 ||   387
Dodge: Dodged            |    44 |   104 |   182 |   466 |   561 |   551 ||  1908
Block: Shield            |    65 |   180 |   357 |   851 |   848 |   776 ||  3077

Vault maps used:
D:1:      lightli_molten_gateway
D:2:      lemuel_coloured_pillars_altar, nicolae_overflow_hidden_temple,
          old_standard_altar, uniq_natasha, uniq_jessica, uniq_terence
D:3:      lemuel_crystal_altar, nicolae_overflow_crystal_walls,
          serial_corexii_hall, corexii_hall_statues_l, corexii_hall_statues_i,
          first_ration
D:4:      kennysheep_little_box, minmay_temple_entry_enclosed_plants,
          kennysheep_flooded_box, yredelemnul_altar_generic, uniq_blork_the_orc
D:5:      cheibrodos_quashed, serial_shops, shop_statue, gup_sewer_entry_pipe,
          basic_altar, nicolae_qazlal_eye_of_the_storm, uniq_menkaure
D:7:      nicolae_ashenzari_panopticon, uniq_harold, uniq_crazy_yiuf_cottage
D:8:      gammafunk_ghost_cemetery
D:9:      grunt_temple_overflow_open, uniq_erolcha
D:11:     due_lair_maze_entry_diamond, david_nohive_1, uniq_nergalle
D:12:     kennysheep_orc_monster_closet_entryway, serial_shops, shop_fountains,
          serial_glass, glass_columns_b, glass_columns_a, glass_columns_a,
          glass_columns_a, glass_columns_a, glass_columns_a, item_on_display_a,
          minmay_strange_pillars, minmay_strange_pillars
D:13:     david_vaults_2, serial_shops, shop, david_greed
D:14:     infiniplex_staircase_star, uniq_nessos, uniq_azrael, uniq_rupert
D:15:     hangedman_depths_entry_civil_slaughter, amethyst_killhole,
          uniq_roxanne
Temple:   minmay_temple_curvy_loop
Lair:2:   elwin_shoals_entry_stream, minmay_snake_entry_guardpost_large,
          lemuel_fruit_fields
Lair:3:   portal_ice_cave_entry_pillars_2, wad_woods_river_01, uniq_gastronok
Lair:4:   st_stairs_13, grunt_forest_large_clearings, grunt_megastairs_5
Lair:5:   nicolae_slime_entry_slimehenge, maelrawn_ghost_labyrinth_escape
Lair:6:   grunt_lair_end_beastmaster, nicolae_lair_grove_arrangements,
          minmay_lair_oklob_chamber
Snake:1:  uniq_louise, uniq_frances
Snake:4:  grunt_snake_rune_serpentine_throne, st_stairs_3, uniq_kirke
Orc:1:    nicolae_orc_tapped_out
Orc:2:    st_orc_pillars, basic_altar
Vaults:1: nicolae_vaults_arrows, nicolae_vaults_little_squares_4,
          vaults_mumra_hexcomb, grunt_vaults_hallway_short, v_misc_5,
          nicolae_vaults_sealed_display, ontoclasm_vaults_fault,
          special_room_vaults, serial_shops, shop
Vaults:2: nicolae_vaults_little_squares_1, vaults_room_guarded_vault,
          nicolae_vaults_shelves_hall, vaults_mumra_minichess_inversion,
          v_misc_4, nicolae_vaults_stairing_the_circle, vaults_room_fours,
          v_misc_8, vaults_room_pool, vaults_room_semicircle, serial_shops,
          nicolae_shop_statue_plus, uniq_mara, uniq_margery, uniq_asterion
Sewer:    kennysheep_pipe_town
IceCv:    ice_cave_caverns_03
